 Dungeon Crawl Stone Soup version 0.28-a0-1429-gf3d713df7a (webtiles) character file.

Game seed: 15995634296860005197

6668 tatocazan the Cleaver (level 10, -11/80 HPs)
             Began as a Demonspawn Fighter on Jan 8, 2022.
             Was an Elder of Okawaru.
             Mangled by Snorg (24 damage)
             ... on level 10 of the Dungeon.
             The game lasted 00:10:34 (9432 turns).

tatocazan the Cleaver (Demonspawn Fighter)          Turns: 9432, Time: 00:10:35

Health: -11/80     AC: 16    Str: 20    XL:     10   Next: 73%
Magic:  14/14      EV:  5    Int: 10    God:    Okawaru [****..]
Gold:   465        SH: 10    Dex: 13    Spells: 9/9 levels left

rFire   . . .      SeeInvis .   k - +6 mace "Ufaxyuc" {freeze, rElec rCorr}
rCold   . . .      Faith    .   z - +0 kite shield
rNeg    . . .      Spirit   .   n - +0 plate armour
rPois   .          Reflect  .   (no helmet)
rElec   +          Harm     .   (no cloak)
rCorr   +          Rampage  .   (no gloves)
Will    .....                   a - +0 pair of boots
Stlth   ..........              (no amulet)
HPRegen 0.23/turn               (no ring)
MPRegen 0.14/turn               (no ring)

@: brilliant, about to teleport
A: thin metallic scales 1, powered by death 2, spiny 2, corrupting presence 1,
demonic touch 2
a: Renounce Religion, Heroism, Finesse


You were on level 10 of the Dungeon.
You worshipped Okawaru.
Okawaru was greatly pleased with you.
You visited 2 branches of the dungeon, and saw 12 of its levels.

You collected 465 gold pieces.

Inventory:

Hand Weapons
 d - a +0 broad axe
 k - the +6 mace "Ufaxyuc" (weapon) {freeze, rElec rCorr}
   (You found it on level 2 of the Dungeon)

   It freezes those it strikes, dealing additional cold damage.
   It can also slow down cold-blooded creatures.
   rElec:     It insulates you from electricity.
   rCorr:     It protects you from acid and corrosion.
Missiles
 j - 5 curare-tipped darts (quivered)
 p - 4 atropa-tipped darts
 q - a throwing net
 D - 4 javelins
 F - 2 datura-tipped darts
Armour
 a - a +0 pair of boots (worn)
 b - a +0 scale mail
 n - a +0 plate armour (worn)
 z - a +0 kite shield (worn)
Jewellery
 v - a +4 ring of evasion
Wands
 r - a wand of digging (2)
 s - a wand of flame (15)
 x - a wand of iceblast (17)
 B - a wand of paralysis (1)
Scrolls
 c - a scroll of immolation {unknown}
 e - 6 scrolls of identify
 i - 3 scrolls of amnesia
 u - a scroll of fear
 y - a scroll of fog
 A - 2 scrolls of teleportation
 E - 3 scrolls of torment {unknown}
Potions
 f - a potion of invisibility {unknown}
 g - 4 potions of flight
 h - a potion of mutation {unknown}
 l - 2 potions of brilliance
 m - 2 potions of lignification {unknown}
 o - 2 potions of degeneration {unknown}
 t - a potion of magic {unknown}
 w - a potion of curing {unknown}
 C - a potion of might


   Skills:
 + Level 7.7 Fighting
 * Level 9.3 Axes
 + Level 7.1 Armour
 + Level 7.1 Shields
 + Level 5.8 Invocations


You had 9 spell levels left.
You didn't know any spells.
Your spell library contained the following spells:

 Spells                   Type           Power      Damage    Failure   Level
 Ensorcelled Hibernation  Hex/Ice        0%         N/A       100%        2
 Passwall                 Tmut/Erth      0%         N/A       100%        2
 Swiftness                Air            0%         N/A       100%        3
 Hailstorm                Conj/Ice       0%         3d3       100%        4
 Ice Form                 Ice/Tmut       0%         N/A       100%        4
 Enfeeble                 Hex            0%         N/A       100%        7
 Tukima's Dance           Hex            Unusable   N/A       N/A         3
 Simulacrum               Ice/Necr       Unusable   N/A       N/A         6

Dungeon Overview and Level Annotations

Branches:
Dungeon (11/15)            Temple (1/1) D:7            Lair (0/6) D:10
    Orc: D:9-12

Altars:
Ashenzari
Dithmenos
Elyvilon
Gozag
Kikubaaqudgha
Makhleb
Nemelex Xobeh
Okawaru
Ru
Sif Muna
Trog
Uskayaw
Wu Jian
Yredelemnul
Zin
The Shining One

Shops:
D:5 [?!*

Annotations:
D:2 1 runed translucent door, Crazy Yiuf
D:10 Snorg


Innate Abilities, Weirdness & Mutations

You are partially covered in thin metallic scales. (AC +2)
You regenerate health from kills.
You are mostly covered in sharp spines.
Your presence sometimes corrodes those you injure.
Your touch may inflict irresistible damage on your foes.


Message History

Snorg is lightly wounded.
You block Snorg's attack. Snorg claws you. You block Snorg's attack. x2
Snorg claws you. Snorg claws you but does no damage.
You take 4 damage, and have 76/80 hp.
You closely miss Snorg.
Snorg is lightly wounded.
Snorg barely misses you. You block Snorg's attack. Snorg claws you.
Snorg bites you but does no damage. You block Snorg's attack. Snorg claws you.
You take 9 damage, and have 67/80 hp.
You sock Snorg!
Your corrupting presence corrodes Snorg!
You freeze Snorg.
Snorg is lightly wounded.
You block Snorg's attack. x3; Snorg is struck by your spines.
Snorg bites you!! Snorg claws you. You block Snorg's attack.
You take 22 damage, and have 45/80 hp.
MASSIVE DAMAGE!!
You are too injured to fight recklessly!
You are too injured to fight recklessly!
Snorg is struck by your spines. Snorg bites you but does no damage.
You block Snorg's attack. Snorg claws you but does no damage.
Snorg rages.
Snorg is struck by your spines. Snorg barely misses you.
You block Snorg's attack. Snorg claws you!
You take 10 damage, and have 36/80 hp.
As you read the scroll of teleportation, it crumbles to dust.
You feel strangely unstable. You block Snorg's attack. Snorg claws you. x2
You take 11 damage, and have 25/80 hp.
Snorg is struck by your spines. Snorg barely misses you. Snorg claws you!
* * * LOW HITPOINT WARNING * * *
Snorg claws you but does no damage.
You take 12 damage, and have 13/80 hp.
Okay, then.
You can't see any enemies this would affect, really read the scroll of fear? [Y]es or [N]o only, please.
You can't see any enemies this would affect, really read the scroll of fear?
Okay, then.
It was a potion of brilliance.
You feel clever all of a sudden. Snorg is struck by your spines.
Snorg bites you!!
You die...

#...# #.. +.<.# #.. # #...# +..
#.# #...# #..
#...##.###############..
#..##.....##..........#'#
+...........###.......#..
##....##T....##...##..'..
##....##@....##...##>.#..
#.........≈≈..#.......###
#########..##.....≈§..########.
. ........#..##.._........ ...
....>...#.............#. .##
#######'#........♣♣...### ..
#....#...≈≈..♣♣..## #+#
#.##.#...≈≈......#
#....##.........#


You could see Snorg (berserk, corroded).

Vanquished Creatures
  4 two-headed ogres
  Prince Ribbit (D:8)
  A yak (D:10)
  A steam dragon (D:8)
  2 vampire mosquitoes (D:9)
  Edmund (D:6)
  An acid dragon (D:9)
  2 water moccasins
  2 orc warriors
  A sky beast (D:6)
  A necrophage (D:5)
  2 centaurs
  A kobold brigand (D:6)
  Blork the orc (D:6)
  6 bullfrogs
  4 scorpions
  A water moccasin skeleton (D:7)
  4 killer bees (D:8)
  11 wights
  4 electric eels (D:8)
  3 howler monkeys
  2 centaur zombies
  3 bullfrog zombies (D:5)
  A bullfrog skeleton (D:4)
  3 hounds
  3 orc priests
  2 jellies
  A gnoll shaman (D:5)
  An iguana (D:5)
  Terence (D:2)
  Natasha (thrice) (D:2)
  6 orc wizards
  A hound skeleton (D:4)
  Robin (D:3)
  6 gnolls
  4 adders
  2 white imps
  An ufetubus (D:7)
  2 adder zombies (D:3)
  4 worms
  4 dart slugs
  27 orcs
  4 ball pythons
  6 bats
  4 endoplasms
  18 goblins
  9 hobgoblins
  2 quokkas
  4 frilled lizards
  12 kobolds
  2 rats
193 creatures vanquished.

Vanquished Creatures (others)
  6 fungi (D:10)
  25 plants
31 creatures vanquished.

Grand Total: 224 creatures vanquished

Notes
Turn   | Place    | Note
-------+----------+-------------------------------------------
     0 | D:1      | tatocazan the Demonspawn Fighter began the quest for the
                  | Orb.
     0 | D:1      | Reached XP level 1. HP: 18/18 MP: 1/1
   441 | D:1      | Reached skill level 2 in Axes
   441 | D:1      | Gained mutation: You are partially covered in sharp spines.
                  | [demonic ancestry]
   441 | D:1      | Reached XP level 2. HP: 10/24 MP: 2/2
  1368 | D:1      | Gained mutation: You are partially covered in thin metallic
                  | scales. (AC +2) [demonic ancestry]
  1368 | D:1      | Reached XP level 3. HP: 29/29 MP: 3/3
  1533 | D:2      | Noticed Natasha
  1540 | D:2      | Killed Natasha
  1565 | D:2      | Noticed Natasha
  1575 | D:2      | Killed Natasha
  1576 | D:2      | Gained mutation: You regenerate a little health from kills.
                  | [demonic ancestry]
  1576 | D:2      | Reached XP level 4. HP: 20/35 MP: 4/4
  1596 | D:2      | Noticed Natasha
  1611 | D:2      | Killed Natasha
  1973 | D:2      | Found an ornate altar of the Wu Jian Council.
  1980 | D:2      | Noticed Terence
  1996 | D:2      | Killed Terence
  1997 | D:2      | Gained mutation: You regenerate health from kills. [demonic
                  | ancestry]
  1997 | D:2      | Reached XP level 5. HP: 18/42 MP: 5/5
  2256 | D:2      | Identified the +6 mace "Ufaxyuc" {freeze, rElec rCorr}
  2262 | D:2      | Found a runed translucent door.
  2263 | D:2      | Noticed Crazy Yiuf
  2415 | D:3      | Noticed Robin
  2422 | D:3      | Reached skill level 3 in Axes
  2424 | D:3      | Killed Robin
  2445 | D:3      | Found a basalt altar of Yredelemnul.
  2594 | D:3      | Gained mutation: You are mostly covered in sharp spines.
                  | [demonic ancestry]
  2594 | D:3      | Reached XP level 6. HP: 25/48 MP: 6/6
  2603 | D:3      | Found a bloodstained altar of Trog.
  2617 | D:3      | Identified the +6 spear of Equilibrium {freeze, rElec rPois
                  | rN+ Str-5}
  2679 | D:3      | Noticed a water moccasin
  2684 | D:3      | Killed a water moccasin
  2901 | D:4      | Reached skill level 4 in Axes
  2997 | D:4      | Gained mutation: Your touch may inflict minor irresistible
                  | damage on your foes. [demonic ancestry]
  2997 | D:4      | Reached XP level 7. HP: 52/55 MP: 7/7
  3431 | D:4      | Found a sacrificial altar of Ru.
  3879 | D:5      | Entered Level 5 of the Dungeon
  3879 | D:5      | Found a shimmering blue altar of Sif Muna.
  4086 | D:5      | Found Kehujonev's Distillery.
  4233 | D:5      | Found Uhaalonk's Magic Scroll Emporium.
  4238 | D:5      | Reached skill level 5 in Fighting
  4280 | D:5      | Reached skill level 5 in Axes
  4328 | D:5      | Found Mieleant's Antique Armour Shoppe.
  4428 | D:5      | Found Hucuputs's Assorted Antiques.
  4550 | D:6      | Noticed Blork the orc
  4555 | D:6      | Killed Blork the orc
  4565 | D:6      | Reached XP level 8. HP: 62/62 MP: 8/8
  4821 | D:6      | Reached skill level 5 in Armour
  4821 | D:6      | Reached skill level 5 in Shields
  4875 | D:6      | Noticed Edmund
  4895 | D:6      | Reached skill level 6 in Axes
  4905 | D:6      | Killed Edmund
  5537 | D:7      | Found a hide-covered altar of Uskayaw.
  6035 | D:7      | Found a staircase to the Ecumenical Temple.
  6079 | D:7      | Gained mutation: Your presence sometimes corrodes those you
                  | injure. [demonic ancestry]
  6079 | D:7      | Reached XP level 9. HP: 69/69 MP: 9/9
  6103 | Temple   | Entered the Ecumenical Temple
  6142 | Temple   | Became a worshipper of Warmaster Okawaru
  6255 | D:7      | Found a sparkling altar of Nemelex Xobeh.
  6276 | D:7      | Found a shadowy altar of Dithmenos.
  6472 | D:8      | Noticed a two-headed ogre
  6481 | D:8      | Killed a two-headed ogre
  6481 | D:8      | Reached * piety under Okawaru
  6482 | D:8      | Reached skill level 7 in Axes
  6897 | D:8      | Reached ** piety under Okawaru
  6984 | D:8      | Noticed Prince Ribbit
  7008 | D:8      | Killed Prince Ribbit
  7009 | D:8      | Reached skill level 8 in Axes
  7879 | D:9      | Noticed a two-headed ogre
  7884 | D:9      | Killed a two-headed ogre
  7884 | D:9      | Reached *** piety under Okawaru
  7885 | D:9      | Gained mutation: Your touch may inflict irresistible damage
                  | on your foes. [demonic ancestry]
  7885 | D:9      | Reached XP level 10. HP: 18/79 MP: 13/13
  8526 | D:9      | Received a gift from Okawaru
  8526 | D:9      | Noticed a two-headed ogre
  8531 | D:9      | Killed a two-headed ogre
  8532 | D:9      | Reached skill level 5 in Invocations
  8857 | D:9      | You fall into a shaft and drop 2 floors!
  8893 | D:10     | Entered Level 10 of the Dungeon
  8900 | D:10     | Found an ornate altar of the Wu Jian Council.
  8937 | D:10     | Reached **** piety under Okawaru
  8941 | D:10     | Reached skill level 9 in Axes
  8952 | D:10     | Found a staircase to the Lair.
  9060 | D:10     | Received a gift from Okawaru
  9152 | D:10     | Found an opulent altar of Gozag.
  9231 | D:10     | Noticed a two-headed ogre
  9239 | D:10     | Killed a two-headed ogre
  9421 | D:10     | Noticed Snorg
  9432 | D:10     | Mangled by Snorg

Illustrated notes

Levels and vault maps discovered:
D:1:      nagdon_arrival_double_spiral, layout_loops_ring,
          amcnicky_mini_corridor_feature, wander_ebering_terrifying_dragon_lair
D:2:      layout_basic, basic_altar, st_stairs_2, uniq_natasha, uniq_terence,
          uniq_crazy_yiuf_cottage
D:3:      layout_rooms, zin_treasury, nicolae_yredelemnul_corpse_copse,
          trog_three_pillars_becter, uniq_robin
D:4:      layout_cave_pods, nicolae_overflow_hidden_temple
D:5:      layout_basic, mainiacjoe_overflow_chevrons, serial_shops,
          nicolae_square_shop, shop, nicolae_shop_hallway_stairs,
          kennysheep_little_box
D:6:      minmay_evil_eye, layout_basic, uniq_edmund, uniq_blork_the_orc
D:7:      layout_loops_ring, mainiacjoe_overflow_brackets,
          mainiacjoe_overflow_catwalk_spiral,
          nicolae_uskayaw_murder_on_the_dancefloor,
          minmay_temple_entry_glassed_door
D:8:      layout_basic, serial_bayou, serial_bayou_lagoon_b,
          serial_bayou_shore_b, serial_bayou_ford_a, serial_bayou_pond_d,
          enter_bailey_2, uniq_prince_ribbit1
D:9:      layout_roguey
D:10:     layout_stronghold, grunt_gozag_breadcrumbs,
          nicolae_wu_jian_wuxing_cycle, grunt_lair_entry_orc_guard_hut,
          kennysheep_orc_monster_closet_entryway, uniq_snorg
D:11:     layout_basic, uniq_fannar
Temple:   jpeg_temple_clearing

Skill      XL: |  1  2  3  4  5  6  7  8  9 10 |
---------------+-------------------------------+-----
Axes           | 2 3 4 5 6 8 9 |  9.3
Armour         | 3 4 5 6 7 |  7.1
Shields        | 3 4 5 6 7 |  7.1
Fighting       | 4 5 6 7 |  7.7
Invocations    | 4 5 |  5.8

Action                   |  1- 3 |  4- 6 |  7- 9 | 10-12 || total
-------------------------+-------+-------+-------+-------++-------
Melee: War axe           |    70 |    28 |       |       ||    98
       Mace              |       |    74 |   213 |    80 ||   367
Evoke: Wand              |       |       |     8 |       ||     8
  Use: Scroll            |       |       |     7 |     1 ||     8
       Potion            |       |       |     1 |     1 ||     2
Armor: Scale mail        |    36 |    27 |       |       ||    63
       Plate armour      |       |    28 |   123 |    52 ||   203
Dodge: Dodged            |    33 |    23 |    52 |    20 ||   128
Block: Buckler           |    22 |    23 |    45 |       ||    90
       Kite shield       |       |       |     6 |    65 ||    71

Table legend: (Time is in decaauts)
 A = Elapsed time spent in this place.
 B = Non-inter-level travel time spent in this place.
 C = Inter-level travel time spent in this place.
 D = Time resting spent in this place.
 E = Time spent auto-exploring this place.
 F = Levels seen in this place.
 G = Mean time per level.
                   A        B        C        D        E       F      G
               +--------+--------+--------+--------+--------+-----+--------+
         Total |   9607 |   9335 |    272 |   2138 |   5811 |  12 |  800.6 |
       Dungeon |   9557 |   9294 |    263 |   2138 |   5787 |  11 |  868.8 |
        Temple |     49 |     40 |      9 |      0 |     24 |   1 |   49.0 |
               +--------+--------+--------+--------+--------+-----+--------+

Top non-repeatable levels by time:
     D:1: 1558 daAuts
     D:8: 1419 daAuts
     D:9: 1089 daAuts
     D:4: 1024 daAuts
     D:6: 953 daAuts
     D:7: 880 daAuts
     D:2: 805 daAuts
     D:5: 654 daAuts
     D:3: 588 daAuts
    D:10: 547 daAuts
  Temple: 49 daAuts
    D:11: 35 daAuts
